 Dungeon Crawl Stone Soup version 0.30-a0-913-g9934a0ce24 (webtiles) character file.

Game seed: 2853400173326023461

129 bobarctor the Grave Robber (level 4, -11/30 HPs)
             Began as a Demonspawn Necromancer on Mar 19, 2023.
             Killed from afar by a steam dragon (17 damage)
             ... with a ball of steam
             ... on level 3 of the Dungeon.
             The game lasted 00:16:32 (2220 turns).

bobarctor the Grave Robber (Demonspawn Necromancer) Turns: 2220, Time: 00:16:33

Health: -11/30     AC:  6    Str: 12    XL:     4   Next: 88%
Magic:  0/9        EV: 11    Int: 19    God:
Gold:   89         SH:  0    Dex: 13    Spells: 6/10 levels left

rFire   . . .      SeeInvis .    n - +1 whip "Murmur" {heavy, rC+ Str+4}
rCold   + . .      Faith    .    (no shield)
rNeg    . . .      Spirit   .    m - +2 leather armour {rPois}
rPois   +          Reflect  .    (helmet restricted)
rElec   .          Rampage  .    e - +0 cloak
rCorr   .                        (no gloves)
Will    .....                    (no boots)
Stlth   ++                       (no amulet)
HPRegen 0.25/turn                (no ring)
MPRegen 0.11/turn                (no ring)

@: no status effects
A: antennae 1, demonic guardian 1
a: no special abilities


You were on level 3 of the Dungeon.
You visited 1 branch of the dungeon, and saw 3 of its levels.

You collected 89 gold pieces.

Inventory:

Hand Weapons
 c - a +0 falchion
 h - a +0 short sword
 i - a +0 dagger
 n - the +1 whip "Murmur" (weapon) {heavy, rC+ Str+4}
   (You found it on level 2 of the Dungeon)

   Str:       It affects your strength (+4).
   rC:        It protects you from cold.
Armour
 a - a +0 robe
 e - a +0 cloak (worn)
 m - a +2 leather armour of poison resistance (worn)
Scrolls
 d - 3 scrolls of identify {unknown}
 f - a scroll of immolation {unknown}
 l - 2 scrolls of blinking {unknown}
 o - a scroll of teleportation {unknown}
Potions
 b - a potion of magic
 g - a potion of might {unknown}
 j - a potion of cancellation {unknown}
 k - a potion of haste {unknown}


   Skills:
 + Level 0.9 Armour
 + Level 2.0 Dodging
 + Level 1.9 Stealth
 * Level 3.7 Spellcasting
 + Level 5.2 Necromancy


You had 6 spell levels left.
You knew the following spells:

 Your Spells              Type           Power      Damage    Failure   Level
a - Necrotise             Necr           92%        1d8       1%          1
b - Vampiric Draining     Necr           23%        2d7       6%          3

Your spell library contained the following spells:

 Spells                   Type           Power      Damage    Failure   Level
 Animate Dead             Necr           23%        N/A       21%         4
 Agony                    Necr           23%        N/A       50%         5


Dungeon Overview and Level Annotations

Branches:
Dungeon (3/15)

Altars:

Shops:
D:2 (


Innate Abilities, Weirdness & Mutations

You have a pair of small antennae on your head.
A weak demonic guardian rushes to your aid.


Message History

You are engulfed in a cloud of scalding steam.
The steam dragon breathes steam at you. The ball of steam hits you!
* * * LOW HITPOINT WARNING * * *
A demonic guardian appears!
There is an open door here.
You start resting.
You sense a monster nearby.
Casting: Necrotise (safe; 1% risk of failure)
Confirm with . or Enter, or press ? or * to list all spells.
Aiming: Vampiric Draining (dangerous; 6% risk of failure)
Press: ? - help, Shift-Dir - straight line, f - steam dragon
Aim: a steam dragon You draw life force from the steam dragon.
You feel life coursing into your body. The steam dragon breathes steam at you.
The ball of steam misses you.
Casting: Vampiric Draining (dangerous; 6% risk of failure)
Confirm with . or Enter, or press ? or * to list all spells.
Aiming: Vampiric Draining (dangerous; 6% risk of failure)
Press: ? - help, Shift-Dir - straight line, f/p - steam dragon
Aim: a steam dragon (lightly wounded)
You draw life force from the steam dragon!
You feel life coursing into your body.
You are engulfed in a cloud of scalding steam.
The steam dragon bites you!
* * * LOW HITPOINT WARNING * * *
The steam dragon claws you.
* * * LOW HITPOINT WARNING * * *
Casting: Vampiric Draining (dangerous; 6% risk of failure)
Confirm with . or Enter, or press ? or * to list all spells.
Aiming: Vampiric Draining (dangerous; 6% risk of failure)
Press: ? - help, Shift-Dir - straight line, f/p - steam dragon
Aim: a steam dragon (heavily wounded)
You draw life force from the steam dragon!
You feel life coursing into your body. The steam dragon breathes steam at you.
The ball of steam hits you!
Ouch! That really hurt!
You die...

.....##.#.#
.....§....#
#######)### #.# #.#
#.# #.#
##########D##
#........@..#
#.......§...#
#......§....#
#...........#
#[..........# #.#
+...........# #.#
#...........# #.#
#...........###.###
#...........##....#


You could see a steam dragon (catching breath).

Vanquished Creatures
  A hound (D:3)
  Robin (D:2)
  2 adders
  2 worms (D:2)
  A dart slug (D:1)
  An orc (D:3)
  4 ball pythons
  3 bats
  5 endoplasms
  A giant cockroach (D:2)
  7 hobgoblins
  6 kobolds
  A quokka (D:2)
  2 frilled lizards (D:1)
  7 goblins (D:2)
  6 rats
50 creatures vanquished.

Vanquished Creatures (collateral kills)
  A goblin (D:2)
  2 hobgoblins (D:2)
  2 rats
5 creatures vanquished.

Vanquished Creatures (others)
  A frilled lizard (D:3)
1 creature vanquished.

Grand Total: 56 creatures vanquished

Notes
Turn   | Place    | Note
-------+----------+-------------------------------------------
     0 | D:1      | bobarctor the Demonspawn Necromancer began the quest for
                  | the Orb.
     0 | D:1      | Reached XP level 1. HP: 13/13 MP: 3/3
   210 | D:1      | You fall into a shaft and drop 1 floor!
   380 | D:1      | Gained mutation: A weak demonic guardian rushes to your
                  | aid. [demonic ancestry]
   380 | D:1      | Reached XP level 2. HP: 18/19 MP: 1/5
  1056 | D:2      | Found Zyalas's Weapon Boutique.
  1150 | D:2      | Gained mutation: You have a pair of small antennae on your
                  | head. [demonic ancestry]
  1150 | D:2      | Reached XP level 3. HP: 21/24 MP: 0/7
  1151 | D:2      | Reached skill level 5 in Necromancy
  1421 | D:2      | Learned a level 3 spell: Vampiric Draining
  1499 | D:2      | Noticed Robin
  1619 | D:2      | Killed Robin
  1620 | D:2      | Reached XP level 4. HP: 30/30 MP: 1/8
  1859 | D:2      | Found a faded altar of an unknown god.
  1873 | D:2      | Identified the +1 whip "Murmur" {heavy, rC+ Str+4}
  2120 | D:3      | Noticed a steam dragon
  2220 | D:3      | Killed from afar by a steam dragon

Illustrated notes

Levels and vault maps discovered:
D:1:      dpeg_arrival_water_fire, layout_basic, minmay_heptomino_d4
D:2:      layout_rooms, serial_shops, nicolae_shop_bloodbath_and_beyond,
          dreamdust_ecumenical_altar_angels_and_demons, uniq_robin
D:3:      layout_basic, mainiacjoe_overflow_six_doors_small,
          lemuel_crystal_altar, minmay_fractal_squares_diagonal_5

Skill      XL: |  1  2  3 |
---------------+----------+-----
Necromancy     | 5 |  5.2
Spellcasting   | 3 |  3.7
Dodging        | 2 |  2.0
Armour         | |  0.9
Stealth        | |  1.9

Action                     |  1- 3 |  4- 6 || total
---------------------------+-------+-------++-------
  Melee: Falchion          |    10 |       ||    10
         Dagger            |    43 |    11 ||    54
         Whip              |       |    14 ||    14
   Cast: Necrotise         |    59 |    18 ||    77
         Vampiric Draining |     2 |     3 ||     5
 Armour: Robe              |    22 |       ||    22
         Leather armour    |    13 |     9 ||    22
  Dodge: Dodged            |    65 |    18 ||    83

Table legend: (Time is in decaauts)
 A = Elapsed time spent in this place.
 B = Non-inter-level travel time spent in this place.
 C = Inter-level travel time spent in this place.
 D = Time resting spent in this place.
 E = Time spent auto-exploring this place.
 F = Levels seen in this place.
 G = Mean time per level.
                   A        B        C        D        E       F      G
               +--------+--------+--------+--------+--------+-----+--------+
         Total |   2229 |   2172 |     57 |    457 |   1169 |   3 |  743.0 |
       Dungeon |   2229 |   2172 |     57 |    457 |   1169 |   3 |  743.0 |
               +--------+--------+--------+--------+--------+-----+--------+

Top non-repeatable levels by time:
     D:2: 1114 daAuts
     D:1: 935 daAuts
     D:3: 179 daAuts
